 Dungeon Crawl Stone Soup version 0.25-a0-458-g6fc7858b95 (webtiles) character file.

Game seed: 9329138183744686196, levelgen mode: deterministic

127 mopl the Chopper (level 4, -2/39 HPs)
             Began as a Deep Dwarf Gladiator on Feb 3, 2020.
             Slain by an iguana (6 damage)
             ... on level 3 of the Dungeon.
             The game lasted 00:03:07 (1443 turns).

mopl the Chopper (Deep Dwarf Gladiator)             Turns: 1443, Time: 00:03:07

Health: -2/39      AC:  6    Str: 18    XL:     4   Next: 85%
Magic:  4/4        EV: 12    Int:  9    God:
Gold:   90         SH:  0    Dex: 14    Spells: 3/3 levels left

rFire    . . .     SeeInvis .   a - +0 war axe (vorpal)
rCold    . . .     Gourm    .   (no shield)
rNeg     . . .     Faith    +   e - +0 ring mail
rPois    .         Spirit   .   c - +0 helmet
rElec    .         Reflect  .   (no cloak)
rCorr    .         Harm     .   (no gloves)
MR       .....                  (no boots)
Stlth    +.........             j - amulet of faith {!P}
HPRegen  0.00/turn              (no ring)
MPRegen  0.09/turn              (no ring)

@: non-regenerating
A: damage resistance, heal wounds, sense surroundings 1, no regeneration
a: Heal Wounds


You were on level 3 of the Dungeon.
You were not hungry.

You visited 1 branch of the dungeon, and saw 3 of its levels.

You collected 90 gold pieces.

Inventory:

Hand Weapons
 a - a +0 vorpal war axe (weapon)
Missiles
 d - 3 throwing nets
 m - 11 poisoned darts (quivered)
Armour
 c - a +0 helmet (worn)
 e - a +0 ring mail (worn)
Jewellery
 j - an amulet of faith (around neck) {!P}
Scrolls
 g - a scroll of identify {unknown}
 i - a scroll of immolation {unknown}
 l - 2 scrolls of teleportation {unknown}
 n - 2 scrolls of remove curse {unknown}
 o - a scroll of blinking {unknown}
 q - 2 scrolls of amnesia {unknown}
 s - a scroll of noise {unknown}
Potions
 h - a potion of curing {unknown}
 k - a potion of agility {unknown}
 p - a potion of haste {unknown}
 r - a potion of resistance {unknown}
Comestibles
 b - 6 chunks of flesh
 f - 5 rations


   Skills:
 - Level 1.7 Fighting
 + Level 6.2 Axes
 - Level 1.7 Throwing
 - Level 3.2 Dodging


You had 3 spell levels left.
You didn't know any spells.
Your spell library was empty.

Dungeon Overview and Level Annotations

Branches:
Dungeon (3/15)

Altars:


Innate Abilities, Weirdness & Mutations

You are resistant to damage.
You can heal yourself by infusing magical energy.
You passively map a small area around you.
You do not regenerate.


Message History

The giant cockroach bites you. The giant cockroach closely misses you.
You hit the giant cockroach.
You kill the giant cockroach!
You see here a giant cockroach corpse.
You butcher the giant cockroach corpse.
b - 6 chunks of flesh (gained 2)
A kobold comes into view.
The kobold throws a stone.
The stone hits you. The kobold hits you but does no damage.
You hit the kobold.
You kill the kobold!
You see here a stone.
An iguana comes into view.
The iguana hisses angrily.
You closely miss the iguana. The iguana bites you!
* * * LOW HITPOINT WARNING * * *
The iguana bites you!
* * * LOW HITPOINT WARNING * * *
You closely miss the iguana. The iguana bites you!
You die...

### #.###* ## #... , #.
###.###### #.
#.@...(..# * #.
#l#.####.# * #. #.#...
#.#.#######.
#.#.##.#.#.........
#.### #.#.....[... #. ,
#.#.........
############.#.####....
#............#.# #....
#.####.......#.####(...


You could see an iguana.

Vanquished Creatures
  An orc priest (D:3)
  3 adders (D:2)
  An ooze (D:2)
  4 worms
  A dart slug (D:1)
  2 orcs (D:3)
  6 bats
  6 giant cockroaches
  3 goblins
  7 hobgoblins
  A quokka (D:3)
  A ball python (D:3)
  4 frilled lizards
  7 kobolds
  8 rats
55 creatures vanquished.

Notes
Turn   | Place    | Note
-------+----------+-------------------------------------------
     0 | D:1      | mopl the Deep Dwarf Gladiator began the quest for the Orb.
     0 | D:1      | Reached XP level 1. HP: 19/19 MP: 1/1
     5 | D:1      | Noticed an electric eel
   194 | D:1      | Reached skill level 4 in Axes
   194 | D:1      | Reached XP level 2. HP: 26/26 MP: 2/2
   641 | D:2      | Reached XP level 3. HP: 22/32 MP: 3/3
   713 | D:2      | Reached skill level 5 in Axes
   875 | D:2      | Reached XP level 4. HP: 26/39 MP: 4/4
  1308 | D:3      | Reached skill level 6 in Axes
  1443 | D:3      | Slain by an iguana

Levels and vault maps discovered:
D:1:      arrival_aquarium_a, layout_basic, kennysheep_pointless_box,
          minmay_door_square
D:2:      layout_basic, minmay_misc_feat_more_columns
D:3:      layout_basic, minmay_lizard_king

Skill      XL: |  1  2  3  4 |
---------------+-------------+-----
Axes           | 4 5 6 |  6.2
Fighting       | |  1.7
Throwing       | |  1.7
Dodging        | |  3.2

Action                   |  1- 3 |  4- 6 || total
-------------------------+-------+-------++-------
Melee: War axe           |   122 |    35 ||   157
Throw: Dart              |     8 |    10 ||    18
 Abil: Heal Wounds       |     1 |       ||     1
  Eat: Chunk             |       |     2 ||     2
Armor: Ring mail         |    36 |    15 ||    51
       Leather armour    |     2 |       ||     2
Dodge: Dodged            |    72 |    24 ||    96

Table legend:
 A = Non-vault XP
 B = Vault XP
 C = Vault XP percentage of total XP
 D = Non-vault monster count
 E = Vault monster count
 F = Vault count percentage of total count
                 A         B        C        D         E       F
            +---------+---------+-------+---------+---------+-------
      Total |     182 |       0 |   0.0 |      55 |       0 |   0.0
            +---------+---------+-------+---------+---------+-------
        D:1 |      36 |       0 |   0.0 |      22 |       0 |   0.0
        D:2 |      74 |       0 |   0.0 |      16 |       0 |   0.0
        D:3 |      72 |       0 |   0.0 |      17 |       0 |   0.0
            +---------+---------+-------+---------+---------+-------
